 Dungeon Crawl Stone Soup version 0.21-a0-122-g43b3ea6 (webtiles) character file.

20623 grindst0ne the Fighter (level 13, 0/111 HPs)
             Began as a Formicid Abyssal Knight on July 13, 2017.
             Was an Elder of Lugonu.
             Slain by a seven-headed hydra (11 damage)
             ... on level 3 of the Lair of Beasts.
             The game lasted 00:49:52 (15944 turns).

grindst0ne the Fighter (Formicid Abyssal Knight)   Turns: 15944, Time: 00:49:52

Health: 0/111      AC: 20    Str: 18    XL:     13   Next: 13%
Magic:  20/20      EV:  8    Int: 13    God:    Lugonu [****..]
Gold:   771        SH:  0    Dex: 15    Spells: 16/22 levels left

rFire    . . .     SeeInvis +   r - +1 great mace (venom)
rCold    . . .     Gourm    .   (no shield)
rNeg     . . .     Faith    .   f - +0 plate armour
rPois    .         Spirit   .   (helmet unavailable)
rElec    .         Reflect  .   (no cloak)
rCorr    +         Harm     .   q - +1 pair of gloves {archery}
MR       ++...                  D - +1 pair of boots of Naul {Dex+4 Slay+2}
Stlth    ..........             E - amulet of magic regeneration
HPRegen  0.28/turn              j - ring of wizardry
MPRegen  0.42/turn              G - ring of resist corrosion

@: no status effects
A: permanent stasis, dig shafts and tunnels, four strong arms, antennae 3, magic
resistance 1, weak 1
a: Dig, Shaft Self, Depart the Abyss, Bend Space, Banish, Corrupt, Renounce
Religion


You were on level 3 of the Lair of Beasts.
You worshipped Lugonu.
Lugonu was greatly pleased with you.
You were not hungry.

You visited 2 branches of the dungeon, and saw 13 of its levels.
You visited the Abyss 1 time.

You collected 959 gold pieces.
You spent 188 gold pieces at shops.

Inventory:

Hand Weapons
 r - a +1 great mace of venom (weapon)
 v - the +8 spear of Might {pierce, *Slow rC++ Str+4}
   (You found it on level 4 of the Dungeon)

   It inflicts extra damage upon your enemies.
   It affects your strength (+4).
   It greatly protects you from cold.
   It may slow you when you take damage.
Missiles
 d - a throwing net (quivered)
Armour
 f - a +0 plate armour (worn)
 q - a +1 pair of gloves of archery (worn)
 w - a +0 pair of boots
 D - the +1 pair of boots of Naul (worn) {Dex+4 Slay+2}
   (You found it on level 7 of the Dungeon)

   It affects your dexterity (+4).
   It affects your accuracy and damage with ranged weapons and melee attacks
   (+2).
Jewellery
 j - a ring of wizardry (left hand)
 E - an amulet of magic regeneration (around neck)
 G - a ring of resist corrosion (right hand)
Wands
 i - a wand of paralysis (0/24)
 k - a wand of polymorph (7/24)
 u - a wand of polymorph (9/24)
 B - a wand of iceblast (0/15)
 K - a wand of lightning (0/15)
 M - a wand of random effects (5/48)
Scrolls
 a - 4 scrolls of remove curse
 n - a scroll of fog
 x - a scroll of recharging
 y - 3 scrolls of magic mapping
 z - 3 scrolls of identify
 A - 4 scrolls of enchant armour
 H - a scroll of fear
 I - a scroll of amnesia {unknown}
 J - 3 scrolls of noise {unknown}
Potions
 e - a potion of berserk rage {unknown}
 g - a potion of brilliance
 l - 4 potions of lignification
 m - 2 potions of flight
 C - a potion of cancellation
 F - a potion of heal wounds
Books
 b - the Handbook of Gliding Fire
   (You found it on level 5 of the Dungeon)

   Spells                             Type                      Level
   a - Throw Flame                    Conjuration/Fire             2
   b - Mephitic Cloud                 Conjuration/Poison/Air       3
   c - Sticky Flame                   Conjuration/Fire             4
   d - Lightning Bolt                 Conjuration/Air              5
   e - Deflect Missiles               Charms/Air                   6
 N - a book of Frost

   Spells                             Type                      Level
   a - Freeze                         Ice                          1
   b - Throw Frost                    Conjuration/Ice              2
   c - Ozocubu's Armour               Charms/Ice                   3
   d - Throw Icicle                   Conjuration/Ice              4
   e - Summon Ice Beast               Ice/Summoning                4
Comestibles
 c - 4 bread rations
 o - 12 fruits
 p - 8 meat rations
 s - 6 royal jellies


   Skills:
 + Level 13.5 Fighting
   Level 4.0(4.7) Axes
 - Level 3.6(4.5) Polearms
 + Level 11.6 Armour
 - Level 4.3 Dodging
 - Level 5.0 Spellcasting
 - Level 6.7 Charms
 - Level 6.4 Invocations
 - Level 5.2 Evocations


You had 16 spell levels left.
You knew the following spells:

 Your Spells              Type           Power        Failure   Level  Hunger
a - Deflect Missiles      Chrm/Air       ##........   100%        6    #######


Dungeon Overview and Level Annotations

Branches:
Dungeon (10/15)            Temple (0/1) D:7            Lair (3/6) D:10
  Snake (0/4) Lair:3
  Swamp: Lair:2-4    Shoals: Lair:2-4       Orc: D:9-12

Altars:
Ashenzari
Cheibriados
Dithmenos
Elyvilon
Fedhas
Gozag
Hepliaklqana
Nemelex Xobeh
Qazlal
Trog
Uskayaw
Yredelemnul
Zin

Shops:
D:8 *

Annotations:
D:8 exclusion: 2 downstairs
D:9 1 exclusion
Lair:3 corrupted


Innate Abilities, Weirdness & Mutations

You cannot be hasted, slowed, berserked, paralysed or teleported.
You can dig through walls and to a lower floor.
Your four strong arms can wield two-handed weapons with a shield.
You have a pair of large antennae on your head. (SInv)
You are resistant to hostile enchantments. (MR+)
You are weak. (Str -2)


Message History

The seven-headed hydra bites you!
* * * LOW HITPOINT WARNING * * *
The seven-headed hydra bites you.
* * * LOW HITPOINT WARNING * * *
You sock the seven-headed hydra!
The seven-headed hydra is almost dead.
The seven-headed hydra bites you.
* * * LOW HITPOINT WARNING * * *
The seven-headed hydra bites you!
* * * LOW HITPOINT WARNING * * *
The seven-headed hydra bites you.
* * * LOW HITPOINT WARNING * * *
The seven-headed hydra bites you but does no damage.
The seven-headed hydra closely misses you.
The seven-headed hydra bites you.
* * * LOW HITPOINT WARNING * * *
The seven-headed hydra bites you but does no damage. x2
The seven-headed hydra barely misses you.
The seven-headed hydra bites you!
You die...

#.......##.####.....
...###......########.... #
............##.#.##..... .
........................ .
........................ #
........................ #.
........................ ..
........................ .#
.#D@................ .##.
##P................ ...#
#.......P#...##... ..# .
..........####..##... ..+..>.⌠#
.>........##.....##..# ..#.....
#..8#.....#.......#... ...#.⌠.#
#..###....##..........
.###.#.#####..#.#....##.....#...#
###.....P#.PP..#.....##.........#


You could see a seven-headed hydra.

Vanquished Creatures
  Snorg (Lair:3)
  A hydra (Lair:3)
  An unseen horror (D:8)
  3 elephants (Lair:3)
  2 black mambas
  10 spiny frogs
  A rime drake (Lair:2)
  5 komodo dragons
  Prince Ribbit (D:8)
  A troll (D:9)
  Grinder (D:6)
  The ghost of p0werm0de the Magician, an amateur DsWz (D:5)
  5 hippogriffs
  11 yaks
  Sigmund (D:3)
  A human (D:8)
  A basilisk (Lair:2)
  3 hogs (D:8)
  11 water moccasins
  6 porcupines
  3 orc warriors
  4 ice beasts
  A black bear (D:9)
  The ghost of Slowdrip the Changer, an amateur DrTm (D:3)
  A phantom (D:7)
  12 wolves
  4 ogres
  2 centaurs
  6 crocodiles
  A big kobold (D:8)
  15 bullfrogs
  A wyvern zombie (D:8)
  10 scorpions
  4 killer bees (D:10)
  5 wights (D:9)
  4 crimson imps
  A centaur zombie (D:9)
  An iron imp (D:6)
  4 orc priests
  3 jellies
  A bullfrog skeleton (D:6)
  A gnoll shaman (D:7)
  11 orc wizards
  2 centaur skeletons (D:7)
  2 iguanas
  Natasha (thrice) (D:4)
  6 worker ants
  A hound skeleton (D:9)
  A worker ant zombie (D:6)
  A howler monkey skeleton (D:4)
  7 gnolls
  10 adders
  4 shadow imps
  4 adder skeletons
  2 adder zombies
  5 worms
  5 leopard geckos
  47 orcs
  11 giant cockroaches
  6 goblins
  9 hobgoblins
  4 jackals (D:3)
  6 quokkas
  12 bats
  7 frilled lizards
  A giant cockroach zombie (D:5)
  11 kobolds
  A leopard gecko skeleton (D:4)
  7 rats
338 creatures vanquished.

Vanquished Creatures (others)
  Rupert (Lair:3)
  A black mamba (Lair:2)
  2 electric eels (Lair:3)
  A bush (Lair:3)
  9 fungi
  3 plants (Lair:3)
17 creatures vanquished.

Grand Total: 355 creatures vanquished

Notes
Turn   | Place    | Note
-------+----------+-------------------------------------------
     0 | Abyss:1  | grindst0ne the Formicid Abyssal Knight began the quest for the Orb.
     0 | Abyss:1  | Reached XP level 1. HP: 18/18 MP: 2/2
    22 | Abyss:1  | Found a corrupted altar of Lugonu.
    66 | Abyss:1  | Found a sparkling altar of Nemelex Xobeh.
    96 | Abyss:1  | Noticed a bone dragon
   113 | Abyss:1  | Noticed a large abomination
   125 | Abyss:1  | Noticed a smoke demon
   125 | D:1      | Escaped the Abyss
   323 | D:1      | Reached XP level 2. HP: 24/24 MP: 3/3
   332 | D:1      | Reached * piety under Lugonu
   783 | D:1      | Reached XP level 3. HP: 28/29 MP: 4/4
  1432 | D:2      | Reached ** piety under Lugonu
  1432 | D:2      | Reached XP level 4. HP: 31/36 MP: 5/5
  1618 | D:3      | Noticed Slowdrip's ghost (amateur DrTm)
  1887 | D:3      | Killed Slowdrip's ghost
  1887 | D:3      | Reached skill level 4 in Fighting
  1887 | D:3      | Reached XP level 5. HP: 23/42 MP: 6/6
  2195 | D:3      | Reached XP level 6. HP: 49/49 MP: 7/7
  2216 | D:3      | Noticed Sigmund
  2229 | D:3      | Killed Sigmund
  2229 | D:3      | Reached skill level 5 in Armour
  2779 | D:3      | Reached skill level 5 in Fighting
  2779 | D:3      | Reached XP level 7. HP: 52/56 MP: 8/8
  2853 | D:4      | Got a transparent spear
  2854 | D:4      | Identified the +8 spear of Might {pierce, *Slow rC++ Str+4} (You found it on level 4 of the Dungeon)
  3253 | D:4      | Found a blossoming altar of Fedhas.
  3262 | D:4      | Reached *** piety under Lugonu
  3301 | D:4      | Found a shadowy altar of Dithmenos.
  3306 | D:4      | Found a shattered altar of Ashenzari.
  3306 | D:4      | Found a bloodstained altar of Trog.
  3306 | D:4      | Found a hide-covered altar of Uskayaw.
  3345 | D:4      | Found a basalt altar of Yredelemnul.
  3347 | D:4      | Found a sparkling altar of Nemelex Xobeh.
  3347 | D:4      | Found a stormy altar of Qazlal.
  3355 | D:4      | Found a white marble altar of Elyvilon.
  3383 | D:4      | Noticed Natasha
  3392 | D:4      | Killed Natasha
  3505 | D:4      | Noticed Natasha
  3513 | D:4      | Killed Natasha
  3562 | D:4      | Noticed Natasha
  3569 | D:4      | Killed Natasha
  3594 | D:5      | Entered Level 5 of the Dungeon
  3651 | D:5      | Noticed p0werm0de's ghost (amateur DsWz)
  3659 | D:5      | Killed p0werm0de's ghost
  3659 | D:5      | Reached skill level 6 in Fighting
  3659 | D:5      | Reached XP level 8. HP: 64/64 MP: 9/9
  3997 | D:5      | Reached **** piety under Lugonu
  4253 | D:5      | Identified the Handbook of Gliding Fire
  4262 | D:5      | Learned a level 6 spell: Deflect Missiles
  4368 | D:5      | Reached skill level 7 in Fighting
  4368 | D:5      | Reached XP level 9. HP: 72/72 MP: 10/10
  4417 | D:5      | Reached skill level 1 in Charms
  4510 | D:5      | Found a glowing silver altar of Zin.
  4910 | D:6      | Found a snail-covered altar of Cheibriados.
  5348 | D:6      | Noticed Grinder
  5354 | D:6      | Killed Grinder
  5394 | D:6      | Reached skill level 10 in Armour
  5435 | D:6      | Reached skill level 1 in Dodging
  5687 | D:7      | Reached skill level 8 in Fighting
  5872 | D:7      | Got a pair of pitted boots
  5883 | D:7      | Identified the +1 pair of boots of Naul {Dex+4 Slay+2} (You found it on level 7 of the Dungeon)
  6040 | D:7      | Reached XP level 10. HP: 76/82 MP: 11/11
  6126 | D:7      | Found a hazy altar of Hepliaklqana.
  6377 | D:7      | Found a staircase to the Ecumenical Temple.
  6637 | D:8      | Found an opulent altar of Gozag.
  6656 | D:8      | Reached skill level 9 in Fighting
  6707 | D:8      | Noticed Prince Ribbit
  6758 | D:8      | Reached skill level 5 in Charms
  6773 | D:8      | Reached skill level 1 in Evocations
  6804 | D:8      | Reached ***** piety under Lugonu
  7141 | D:8      | Found Tihic's Assorted Antiques.
  7155 | D:8      | Killed Prince Ribbit
  7163 | D:8      | Bought a scroll labeled IWUKOL REESS for 19 gold pieces
  7163 | D:8      | Bought a scroll labeled IWUKOL REESS for 19 gold pieces
  7163 | D:8      | Bought a fuming inky potion for 17 gold pieces
  7163 | D:8      | Bought a twisted sapphire ring for 95 gold pieces
  7163 | D:8      | Bought a scroll labeled ILAT NUKURUO for 19 gold pieces
  7163 | D:8      | Bought a scroll labeled WAVVES ENWIK for 19 gold pieces
  7342 | D:8      | Noticed a two-headed ogre
  7343 | D:8      | Noticed a komodo dragon
  7343 | D:8      | a two-headed ogre changed into a komodo dragon
  7344 | D:8      | Noticed an unseen horror
  7344 | D:8      | a komodo dragon changed into an unseen horror
  7357 | D:8      | Killed an unseen horror
  7869 | D:9      | Got a distressingly furry leather armour
  7880 | D:9      | Identified the +0 leather armour of the Good {+Fly rC+ MR+} (You found it on level 9 of the Dungeon)
  7910 | D:9      | Reached XP level 11. HP: 75/90 MP: 12/14
  7942 | D:9      | Noticed a death knight
  8374 | D:9      | Reached skill level 10 in Fighting
  8780 | D:9      | Reached skill level 1 in Polearms
  8789 | D:9      | Reached skill level 5 in Evocations
  8804 | D:10     | Entered Level 10 of the Dungeon
  9558 | D:10     | Found a staircase to the Lair.
  9775 | Lair:1   | Entered Level 1 of the Lair of Beasts
 10105 | Lair:1   | Reached skill level 5 in Invocations
 10494 | Lair:1   | Reached skill level 11 in Fighting
 11041 | Lair:1   | Reached skill level 1 in Spellcasting
 11451 | Lair:2   | Reached XP level 12. HP: 93/100 MP: 16/16
 12542 | Lair:2   | Reached skill level 12 in Fighting
 13081 | Lair:3   | HP: 3/102 [komodo dragon (16)]
 13296 | Lair:2   | Reached skill level 5 in Spellcasting
 14251 | Lair:3   | Noticed a five-headed hydra
 14252 | Lair:3   | Gained mutation: You are weak. (Str -2) [potion of mutation]
 14252 | Lair:3   | Gained mutation: You are resistant to hostile enchantments. (MR+) [potion of mutation]
 14268 | Lair:3   | Killed a five-headed hydra
 14539 | Lair:3   | Found a staircase to the Snake Pit.
 14551 | Lair:3   | Reached skill level 13 in Fighting
 14785 | Lair:3   | Noticed Rupert
 14961 | Lair:3   | Reached XP level 13. HP: 88/111 MP: 20/20
 15028 | Lair:3   | Corrupted Lair:3
 15028 | Lair:3   | Noticed a starcursed mass
 15028 | Lair:3   | Noticed a rakshasa
 15029 | Lair:3   | Noticed a hellephant
 15034 | Lair:3   | Noticed a reaper
 15034 | Lair:3   | Killed Rupert
 15064 | Lair:3   | Noticed a starcursed mass
 15696 | Lair:3   | Noticed Snorg
 15706 | Lair:3   | Killed Snorg
 15935 | Lair:3   | Noticed a seven-headed hydra
 15944 | Lair:3   | Slain by a seven-headed hydra

Vault maps used:
D:1:      lightli_arrival_chessboard
D:2:      first_bread
D:3:      wad_river_or_something, uniq_sigmund
D:4:      fedhas_altar_2, grunt_temple_overflow_open, uniq_natasha
D:5:      marbit_many_paths, hangedman_decor_opposing
D:6:      slow_altar_1, uniq_grinder
D:7:      kennysheep_mini, minmay_temple_entry_hall
D:8:      old_standard_altar, serial_shops, nicolae_shop_trees, grunt_livestock,
          minmay_misc_feat_five, kennysheep_small_square, uniq_prince_ribbit1
D:9:      lightli_fourway_metalbox
D:10:     lair_entry_dummy
Lair:1:   beast_lair_carwin_2, serial_bayou_shore_a, lemuel_fruit_fields,
          grunt_megastairs_2
Lair:2:   beast_lair_carwin_1
Lair:3:   elwin_shoals_entry_rocks, dummy_snake_entry, st_stairs_6,
          grunt_megastairs_1, infiniplex_staircase_pool, uniq_rupert, uniq_snorg
Abyss:1:  minivault_26

Skill      XL: |  1  2  3  4  5  6  7  8  9 10 11 12 |
---------------+-------------------------------------+-----
Armour         | 3 4 5 7 8 10 11 | 11.6
Fighting       | 4 5 6 7 8 9 11 13 | 13.5
Axes           | 3 4 |  4.0
Charms         | 4 6 |  6.7
Dodging        | 2 4 |  4.3
Evocations     | 4 5 |  5.2
Polearms       | 3 |  3.6
Invocations    | 6 |  6.4
Spellcasting   | 2 5 |  5.0

Action                   |  1- 3 |  4- 6 |  7- 9 | 10-12 | 13-15 || total
-------------------------+-------+-------+-------+-------+-------++-------
Melee: Hand axe          |   106 |    70 |       |       |       ||   176
       Spear             |       |    71 |   311 |   752 |    23 ||  1157
       Great mace        |       |       |       |       |    10 ||    10
Throw: Throwing net      |       |       |       |       |     1 ||     1
Invok: Depart the Abyss  |     1 |       |       |       |       ||     1
       Bend Space        |       |       |       |     5 |       ||     5
       Banish            |       |       |       |     1 |       ||     1
       Corrupt           |       |       |       |       |     1 ||     1
 Abil: Dig               |     1 |     6 |    20 |    21 |       ||    48
Evoke: Wand              |       |       |       |    17 |     5 ||    22
       Phantom mirror    |       |       |       |       |     1 ||     1
  Use: Scroll            |     5 |       |       |    12 |       ||    17
       Potion            |       |     1 |       |    15 |     1 ||    17
 Stab: Paralysed         |       |       |       |     2 |       ||     2
  Eat: Chunk             |     2 |     4 |    14 |    26 |     2 ||    48
       Fruit             |       |       |       |     1 |       ||     1
       Bread ration      |       |       |       |     1 |     1 ||     2
Armor: Plate armour      |    87 |    98 |   159 |   444 |    59 ||   847
       Skin              |       |       |       |    55 |       ||    55
Dodge: Dodged            |    40 |    40 |    82 |   335 |    32 ||   529
